 Dungeon Crawl Stone Soup version 0.27.1-33-g824d729ab1 (webtiles) character file.

Game seed: 12462449809336224208

272 pkoi the Grasshopper (level 6, -6/48 HPs)
             Began as a Draconian Warper on Dec 13, 2021.
             Mangled by an iguana (12 damage)
             ... on level 5 of the Dungeon.
             The game lasted 00:06:06 (5403 turns).

pkoi the Grasshopper (Draconian Warper)             Turns: 5403, Time: 00:06:06

Health: -6/48      AC:  8    Str: 14    XL:     6   Next: 2%
Magic:  9/9        EV: 12    Int: 15    God:
Gold:   164        SH:  0    Dex: 12    Spells: 4/9 levels left

rFire    + . .     SeeInvis .     - Unarmed
rCold    + . .     Faith    .   (no shield)
rNeg     . . .     Spirit   .   (armour unavailable)
rPois    .         Reflect  .   (helmet restricted)
rElec    .         Harm     .   j - scarf {repulsion}
rCorr    .         Rampage  .   f - +1 pair of gloves
Will     +....     Clarity  +   (no boots)
Stlth    +.........             (no amulet)
HPRegen  0.16/turn              l - ring of willpower
MPRegen  0.11/turn              i - ring of protection from cold

@: repel missiles
A: AC +6, unfitting armour, cold-blooded, agile 1, clarity, fire resistance 1,
sense surroundings 1
a: no special abilities


You were on level 5 of the Dungeon.
You visited 1 branch of the dungeon, and saw 5 of its levels.

You collected 164 gold pieces.

Inventory:

Hand Weapons
 d - a +0 dagger
 e - a +0 dagger of draining
Missiles
 m - 7 boomerangs (quivered)
Armour
 f - a +1 pair of gloves (worn)
 j - a scarf of repulsion (worn)
Jewellery
 h - a ring of see invisible
 i - a ring of protection from cold (right hand)
 l - a ring of willpower (left hand)
Wands
 n - a wand of mindburst (7)
Scrolls
 a - a scroll of blinking
 g - a scroll of magic mapping
 k - a scroll of identify
Potions
 b - a potion of flight
 c - 2 potions of might


   Skills:
 - Level 2.1 Fighting
 - Level 0.8 Throwing
 - Level 2.1 Dodging
 * Level 4.6 Unarmed Combat
 + Level 2.4 Spellcasting
 + Level 5.0 Translocations


You had 4 spell levels left.
You knew the following spells:

 Your Spells              Type           Power      Damage    Failure   Level
a - Blink                 Tloc           N/A        N/A       4%          2
b - Gell's Gravitas       Tloc           8%         N/A       9%          3

Your spell library contained the following spells:

 Spells                   Type           Power      Damage    Failure   Level
 Lesser Beckoning         Tloc           8%         N/A       9%          3
 Teleport Other           Tloc           16%        N/A       9%          3
 Pain                     Necr           4%         1d4       22%         1
 Passage of Golubria      Tloc           N/A        N/A       26%         4
 Tukima's Dance           Hex            1%         N/A       54%         3
 Manifold Assault         Tloc           16%        N/A       58%         5
 Agony                    Necr           1%         N/A       99%         5
 Excruciating Wounds      Necr           0%         N/A       99%         5
 Yara's Violent Unravell  Hex/Tmut       0%         3d3       99%         5


Dungeon Overview and Level Annotations

Branches:
Dungeon (5/15)
 Temple: D:4-7

Altars:
Zin

Shops:
D:1 (


Innate Abilities, Weirdness & Mutations

Your plain brown scales are hard. (AC +6)
You cannot fit into any form of body armour.
You are cold-blooded and may be slowed by cold attacks.
You are agile. (Dex +2)
You possess an exceptional clarity of mind.
Your flesh is heat resistant. (rF+)
You passively map a small area around you.


Message History

You hit the iguana.
The iguana is heavily wounded.
The iguana barely misses you.
You hit the iguana.
The iguana is severely wounded.
You hit the iguana.
The iguana is severely wounded.
The iguana barely misses you.
You hit the iguana.
The iguana is almost dead.
The iguana closely misses you.
You completely miss the iguana.
The iguana is almost dead.
The iguana bites you!
You barely miss the iguana.
Your tail-slap misses the iguana.
The iguana is almost dead.
The iguana bites you!
* * * LOW HITPOINT WARNING * * *
You hit the iguana but do no damage.
The iguana is almost dead.
The iguana bites you but does no damage.
You hit the iguana but do no damage.
Your tail-slap misses the iguana.
The iguana is almost dead.
The iguana misses you.
You completely miss the iguana.
The iguana is almost dead.
The iguana bites you!
* * * LOW HITPOINT WARNING * * *
You hit the iguana but do no damage. You punch the iguana.
The iguana is almost dead.
The iguana bites you but does no damage.
You hit the iguana but do no damage.
The iguana is almost dead.
The iguana bites you!
* * * LOW HITPOINT WARNING * * *
You hit the iguana but do no damage.
You tail-slap the iguana, but do no damage.
The iguana is almost dead.
The iguana bites you!
You die...

#.......... , ,
#.........#.....#,, ,
#...).....#.....#
#........##....# ,
##........##....# * ,
#..........#....# . * , ,
#....<.....#....##.. ** ,
#..>.......#l....... ,
#....##...##@...#*, , ,
#....##+####....#*, , * ,
#.....#.....######### * *
#.....#.............. *
*##....#....(#...#...# , ,
*#...##...#.......... ,
##...##...###...#...# ,
....#.........#.......... ,
....#.........#.###############
*


You could see an iguana.

Vanquished Creatures
  A phantom (D:4)
  A centaur zombie (D:4)
  2 iguanas
  A hound skeleton (D:5)
  2 adders
  A worm (D:3)
  3 dart slugs
  2 orcs (D:3)
  5 ball pythons
  9 endoplasms
  2 giant cockroaches
  6 goblins
  7 hobgoblins
  3 jackals (D:1)
  4 quokkas
  7 bats
  3 frilled lizards
  7 kobolds
  5 rats
71 creatures vanquished.

Vanquished Creatures (others)
  2 plants (D:5)
2 creatures vanquished.

Grand Total: 73 creatures vanquished

Notes
Turn   | Place    | Note
-------+----------+-------------------------------------------
     0 | D:1      | pkoi the Draconian Warper began the quest for the Orb.
     0 | D:1      | Reached XP level 1. HP: 17/17 MP: 3/3
   112 | D:1      | Found Qulol's Antique Weapon Shoppe.
   548 | D:1      | Reached XP level 2. HP: 24/24 MP: 5/5
  1031 | D:1      | Found a faded altar of an unknown god.
  1633 | D:2      | Reached XP level 3. HP: 14/28 MP: 6/6
  1809 | D:2      | Learned a level 2 spell: Blink
  1813 | D:2      | Learned a level 3 spell: Gell's Gravitas
  2196 | D:2      | Reached skill level 4 in Translocations
  2852 | D:3      | Reached XP level 4. HP: 20/36 MP: 7/7
  3793 | D:4      | Found a glowing silver altar of Zin.
  3873 | D:4      | Noticed a phantom
  4145 | D:5      | Entered Level 5 of the Dungeon
  4212 | D:5      | Reached XP level 5. HP: 41/41 MP: 8/8
  4232 | D:5      | Noticed an ogre
  4260 | D:5      | Gained mutation: You possess an exceptional clarity of
                  | mind. [potion of mutation]
  4260 | D:5      | Gained mutation: You are agile. (Dex +2) [potion of
                  | mutation]
  4260 | D:5      | Gained mutation: You passively map a small area around you.
                  | [potion of mutation]
  4260 | D:5      | Gained mutation: Your flesh is heat resistant. (rF+)
                  | [potion of mutation]
  4923 | D:4      | Killed a phantom
  4924 | D:4      | Reached skill level 5 in Translocations
  4924 | D:4      | Reached XP level 6. HP: 37/48 MP: 9/9
  5403 | D:5      | Mangled by an iguana

Illustrated notes

Levels and vault maps discovered:
D:1:      dpeg_arrival_prison, layout_basic, hellmonk_ecumenical_altar_run_dry,
          serial_shops, shop, skrybe_limestone_x
D:2:      layout_loops_cross, minmay_stone_trees_small
D:3:      layout_basic, item_on_display_a
D:4:      layout_layer_cave, mainiacjoe_overflow_24_doors
D:5:      layout_gridville, lemuel_coloured_pillars_altar,
          sigmund_edmund_badplayer

Skill      XL: |  1  2  3  4  5 |
---------------+----------------+-----
Unarmed Combat | 3 4 |  4.6
Translocations | 4 5 |  5.0
Fighting       | |  2.1
Throwing       | |  0.8
Dodging        | |  2.1
Spellcasting   | |  2.4

Action                   |  1- 3 |  4- 6 || total
-------------------------+-------+-------++-------
Melee: Unarmed           |    20 |    49 ||    69
       Dagger            |   197 |    71 ||   268
       Tailslap          |    15 |    11 ||    26
       Punch             |       |     4 ||     4
Throw: Boomerang         |       |     5 ||     5
  Use: Scroll            |     4 |     3 ||     7
       Potion            |     2 |     2 ||     4
 Stab: Sleeping          |     2 |       ||     2
Armor: Skin              |    82 |    31 ||   113
Dodge: Dodged            |   166 |    62 ||   228
       Repelled          |       |     2 ||     2
